 Dungeon Crawl Stone Soup version 0.30-a0-50-gb2d611f6b1 (webtiles) character file.

Game seed: 14930430513356026020

58 lesbiats the Shield-Bearer (level 3, 0/37 HPs)
             Began as a Troll Fighter on Sept 4, 2022.
             Slain by Grinder (4 damage)
             ... while paralysed by Grinder
             ... on level 3 of the Dungeon.
             The game lasted 00:04:31 (1869 turns).

lesbiats the Shield-Bearer (Troll Fighter)          Turns: 1869, Time: 00:04:32

Health: 0/37       AC:  4    Str: 26    XL:     3   Next: 76%
Magic:  2/2        EV:  1    Int:  4    God:
Gold:   113        SH:  0    Dex: 15    Spells: 2/2 levels left

rFire   . . .      SeeInvis .      - Unarmed
rCold   . . .      Faith    .    b - +0 kite shield
rNeg    . . .      Spirit   .    a - +0 robe
rPois   .          Reflect  .    (helmet restricted)
rElec   .          Harm     .    (no cloak)
rCorr   .          Rampage  .    (gloves unavailable)
Will    .....                    (boots unavailable)
Stlth   +.........               (no amulet)
HPRegen 0.92/turn                l - +6 ring of dexterity
MPRegen 0.08/turn                (no ring)

@: paralysed
A: large, unfitting armour, claws 3, regeneration 1, shaggy fur 1, tough skin 1
a: no special abilities


You were on level 3 of the Dungeon.
You visited 1 branch of the dungeon, and saw 3 of its levels.

You collected 113 gold pieces.

Inventory:

Missiles
 e - 21 stones (quivered)
Armour
 a - a +0 robe (worn)
 b - a +0 kite shield (worn)
Jewellery
 l - a +6 ring of dexterity (left claw)
Scrolls
 d - 6 scrolls of identify {unknown}
 g - a scroll of poison {unknown}
 m - a scroll of vulnerability {unknown}
 o - a scroll of teleportation {unknown}
 p - a scroll of amnesia {unknown}
Potions
 c - 2 potions of might
 f - a potion of invisibility {unknown}
 h - a potion of degeneration {unknown}
 i - a potion of resistance {unknown}
 j - a potion of curing {unknown}
 k - a potion of brilliance {unknown}
 q - a potion of heal wounds {unknown}


   Skills:
 + Level 3.0 Fighting
 - Level 2.4 Dodging
 + Level 3.3 Shields
 + Level 2.8 Unarmed Combat


You had 2 spell levels left.
You didn't know any spells.
Your spell library contained the following spells:

 Spells                   Type           Power      Damage    Failure   Level
 Sting                    Tmut/Pois      0%         1d3       80%         1
 Poisonous Vapours        Pois/Air       0%         N/A       90%         2
 Gell's Gravitas          Tloc           0%         N/A       99%         3
 Teleport Other           Tloc           0%         N/A       99%         3
 Olgreb's Toxic Radiance  Pois           0%         N/A       100%        4
 Dispersal                Tloc           0%         N/A       100%        6


Dungeon Overview and Level Annotations

Branches:
Dungeon (3/15)

Altars:
Xom

Annotations:
D:3 Grinder


Innate Abilities, Weirdness & Mutations

You are too large for most types of armour.
You have claws for hands.
Your natural rate of healing is unusually fast.
You are covered in fur. (AC +1)
You have tough skin. (AC +1)


Message History

Press: ? - help, Shift-Dir - straight line, f/p - Grinder
Aim: Grinder, carrying a wand of flame (20) (55% to hit)
You throw a poisoned dart.
The poisoned dart barely misses Grinder.
Grinder zaps a wand.
The puff of flame hits you.
A giant cockroach comes into view.
Throw: dart (poison)
Press: ? - help, Shift-Dir - straight line, f/p - Grinder
Aim: Grinder, carrying a wand of flame (19) (55% to hit)
You throw a poisoned dart. The poisoned dart hits Grinder.
Grinder is poisoned.
You claw Grinder!
Grinder is moderately wounded.
Grinder gestures at you. You resist with significant effort.
You barely miss Grinder.
Grinder is moderately wounded.
Grinder hits you.
You writhe in agony.
You barely miss Grinder.
Grinder is moderately wounded.
You block Grinder's attack.
You scratch Grinder.
Grinder is heavily wounded.
Grinder gestures at you. Pain shoots through your body!
You scratch Grinder.
Grinder is heavily wounded.
Grinder zaps a wand.
The puff of flame hits you!
* * * LOW HITPOINT WARNING * * *
The giant cockroach bites you but does no damage.
You barely miss Grinder.
Grinder is severely wounded.
Grinder gestures at you.
You suddenly lose the ability to move!
The giant cockroach bites you but does no damage.
Grinder looks more healthy.
The giant cockroach bites you but does no damage.
Grinder hits you.
* * * LOW HITPOINT WARNING * * *
You writhe in agony.
You die...

. ### . ..# #. #.#
#.##.. #...[# #..###
#B..# #.# #@#.### #.#
.....!5.#...# #.####
.....(..###.# #.#..
(.....[.###.###.#.#
................#.#
.<(...............# ###
.......#####......####..
((.?... #..............
#.......#####.#


You could see Grinder and a giant cockroach.

Vanquished Creatures
  2 adders (D:3)
  A worm (D:2)
  A dart slug (D:2)
  5 endoplasms (D:2)
  2 giant cockroaches
  4 goblins
  5 hobgoblins
  4 kobolds
  3 ball pythons (D:1)
  4 bats
  2 frilled lizards (D:2)
  2 rats
35 creatures vanquished.

Vanquished Creatures (others)
  A demonic plant (D:1)
1 creature vanquished.

Grand Total: 36 creatures vanquished

Notes
Turn   | Place    | Note
-------+----------+-------------------------------------------
     0 | D:1      | lesbiats the Troll Fighter began the quest for the Orb.
     0 | D:1      | Reached XP level 1. HP: 22/22 MP: 0/0
   379 | D:1      | Reached XP level 2. HP: 29/29 MP: 1/1
   716 | D:1      | Found a faded altar of an unknown god.
   716 | D:1      | Noticed a Brimstone Fiend
  1480 | D:2      | Reached XP level 3. HP: 36/36 MP: 2/2
  1783 | D:3      | Found a shimmering altar of Xom.
  1855 | D:3      | Noticed Grinder
  1868 | D:3      | Paralysed by Grinder for 5 turns
  1869 | D:3      | Slain by Grinder

Illustrated notes

Levels and vault maps discovered:
D:1:      matt_arrival_grand_opening, layout_basic, serial_forest,
          infiniplex_forest_clump_C, infiniplex_forest_straight_2,
          infiniplex_forest_clump_small, infiniplex_forest_end_1,
          infiniplex_forest_lined_room_, infiniplex_forest_straight_3,
          dreamdust_ecumenical_altar_sealed_demon, minmay_door_square,
          kennysheep_flooded_box, serial_bayou_pond_a
D:2:      layout_rooms
D:3:      layout_basic, nicolae_ru_the_path_less_chosen, xom_teletrap_fun,
          uniq_grinder

Skill      XL: |  1  2  3 |
---------------+----------+-----
Shields        | 3 |  3.3
Fighting       | 3 |  3.0
Dodging        | |  2.4
Unarmed Combat | |  2.8

Action                   || total
-------------------------++-------
Melee: Unarmed           ||    76
Throw: Dart              ||     7
 Stab: Sleeping          ||     1
Armor: Robe              ||    25
Dodge: Dodged            ||    22
Block: Kite shield       ||    26

Table legend: (Time is in decaauts)
 A = Elapsed time spent in this place.
 B = Non-inter-level travel time spent in this place.
 C = Inter-level travel time spent in this place.
 D = Time resting spent in this place.
 E = Time spent auto-exploring this place.
 F = Levels seen in this place.
 G = Mean time per level.
                   A        B        C        D        E       F      G
               +--------+--------+--------+--------+--------+-----+--------+
         Total |   1877 |   1610 |    267 |      5 |   1299 |   3 |  625.7 |
       Dungeon |   1877 |   1610 |    267 |      5 |   1299 |   3 |  625.7 |
               +--------+--------+--------+--------+--------+-----+--------+

Top non-repeatable levels by time:
     D:1: 1307 daAuts
     D:2: 464 daAuts
     D:3: 104 daAuts
